 Dungeon Crawl Stone Soup version 0.26-a0-612-gd4d190f45e (webtiles) character file.

Game seed: 3904683792435593163

483 Peloso the Covered (level 6, 48/48 HPs)
             Began as a Demonspawn Fighter on Sept 9, 2020.
             Got out of the dungeon alive.
             The game lasted 00:08:17 (3677 turns).

Peloso the Covered (Demonspawn Fighter)             Turns: 3677, Time: 00:08:17

Health: 48/48      AC: 18    Str: 18    XL:     6   Next: 87%
Magic:  6/6        EV:  5    Int: 12    God:
Gold:   200        SH:  9    Dex: 12    Spells: 5/5 levels left

rFire    . . .     SeeInvis .   a - +0 long sword
rCold    . . .     Faith    .   c - +0 kite shield
rNeg     . . .     Spirit   .   x - +0 chain mail
rPois    .         Reflect  .   (helmet restricted)
rElec    .         Harm     .   v - +2 cloak {MR+}
rCorr    .                      g - +0 pair of gloves
MR       +....                  (no boots)
Stlth    ..........             (no amulet)
HPRegen  0.16/turn              t - ring of attention (curse)
MPRegen  0.10/turn              p - +4 ring of protection

@: no status effects
A: horns 1, spiny 1, big brain 1
a: no special abilities


You escaped.
You visited 1 branch of the dungeon, and saw 4 of its levels.

You collected 200 gold pieces.

Inventory:

Hand Weapons
 a - a +0 long sword (weapon)
 b - a +1 hand axe of venom
Missiles
 n - 31 bolts
Armour
 c - a +0 kite shield (worn)
 g - a +0 pair of gloves (worn)
 j - a +0 scale mail
 v - a +2 cloak of magic resistance (worn)
 x - a +0 chain mail (worn)
Jewellery
 h - an uncursed ring of protection from magic
 o - an uncursed ring of resist corrosion
 p - a +4 ring of protection (right hand)
 t - a cursed ring of attention (left hand)
 y - a cursed amulet of inaccuracy {unknown}
Scrolls
 f - 2 scrolls of immolation
 k - 3 scrolls of remove curse
 l - 3 scrolls of enchant armour {unknown}
 m - a scroll of magic mapping {unknown}
 q - 2 scrolls of identify
 r - 4 scrolls of enchant weapon {unknown}
 s - 3 scrolls of teleportation {unknown}
 u - a scroll of blinking {unknown}
Potions
 d - a potion of might
 e - 2 potions of curing
 i - 2 potions of heal wounds
 w - 2 potions of cancellation


   Skills:
 + Level 3.8 Fighting
 + Level 4.3 Long Blades
 + Level 4.4 Armour
 + Level 0.9 Dodging
 + Level 0.5 Stealth
 + Level 3.8 Shields


You had 5 spell levels left.
You didn't know any spells.
Your spell library contained the following spells:

 Spells                   Type           Power        Failure   Level
 Corona                   Hex            #......      100%        1
 Ensorcelled Hibernation  Hex/Ice        #.....       100%        2
 Confusing Touch          Hex            #.......     100%        3
 Dazzling Flash           Conj/Hex       #.....       100%        3
 Tukima's Dance           Hex            #.......     100%        3


Dungeon Overview and Level Annotations

Branches:
Dungeon (4/15)
 Temple: D:4-7

Altars:
Elyvilon
Nemelex Xobeh
Sif Muna

Shops:
D:4 [

Annotations:
D:4 1 runed translucent door, fly's ghost, weakling HuDe


Innate Abilities, Weirdness & Mutations

You have a pair of small horns on your head.
You are partially covered in sharp spines.
You have an unusually large brain. (Int +2)


Message History

Things that are here:
a +0 club; an orc skeleton You see here 21 arrows.
There is a stone staircase leading up here.
You climb upwards.
HP restored.
There is a stone staircase leading down here.
There is a stone staircase leading up here.
You climb upwards.
There is a stone staircase leading down here.
There is an open door here.
You see here a short sword.
There is a stone staircase leading up here.
You see here a +0 halberd.
You climb upwards.
There is a stone staircase leading down here.
Things that are here:
a +0 club; a +0 club
There is a staircase leading out of the dungeon here.
Are you sure you want to leave the Dungeon?
This will make you lose the game!
You have escaped!

#.# #.## #.#)# #.####..##
..####### #.# #.#.# #.####....
###.....### #.####.#.# #....#.#.#
........'.# #......#.######.#.#.#
###.....#.# ########............#
#.....#.###.#.#.#.#.#####.##.##
#########.#.##.#.#.#..# #.##...
..............#.#.#.### #.#####
#.....(.....##.#@#.#.# #.#
#...........#.#.#.#.### #.#
#...........##.#.#.#..# #.#
#...........#.#.#(#.#.# #.#
.........[#.##.#(#.#..# #.#
..........#.....(...#.#####.#
.........######.....'.......#
..........# ##....#########
....###.#.######(...#############


There were no monsters in sight!

Vanquished Creatures
  2 ogres (D:4)
  A bullfrog skeleton (D:4)
  An orc wizard (D:4)
  An iguana (D:4)
  A hound skeleton (D:4)
  Robin (D:4)
  4 gnolls
  4 adders (D:3)
  An ooze (D:4)
  An adder skeleton (D:4)
  2 worms (D:3)
  2 dart slugs
  3 leopard geckos
  6 orcs (D:4)
  7 bats
  5 giant cockroaches
  22 goblins
  9 hobgoblins
  11 jackals
  4 kobolds
  2 quokkas (D:4)
  A ball python (D:2)
  A frilled lizard (D:3)
  A jackal skeleton (D:4)
  5 rats
98 creatures vanquished.

Notes
Turn   | Place    | Note
-------+----------+-------------------------------------------
     0 | D:1      | Peloso the Demonspawn Fighter began the quest for the Orb.
     0 | D:1      | Reached XP level 1. HP: 18/18 MP: 1/1
   222 | D:1      | Gained mutation: You have a pair of small horns on your
                  | head. [demonic ancestry]
   222 | D:1      | Reached XP level 2. HP: 19/24 MP: 2/2
  1080 | D:1      | Gained mutation: You are partially covered in sharp spines.
                  | [demonic ancestry]
  1080 | D:1      | Reached XP level 3. HP: 22/29 MP: 3/3
  1364 | D:2      | Found a shimmering blue altar of Sif Muna.
  1642 | D:2      | Gained mutation: You have an unusually large brain. (Int
                  | +2) [demonic ancestry]
  1642 | D:2      | Reached XP level 4. HP: 35/35 MP: 4/4
  2431 | D:3      | Found a white marble altar of Elyvilon.
  2688 | D:3      | Reached XP level 5. HP: 41/41 MP: 5/5
  3050 | D:4      | Found a sparkling altar of Nemelex Xobeh.
  3079 | D:4      | Found Gihimnog's Antique Armour Emporium.
  3127 | D:4      | Found a runed translucent door.
  3129 | D:4      | Noticed a phantom
  3129 | D:4      | Noticed fly's ghost (weakling HuDe)
  3188 | D:4      | Noticed an ogre
  3205 | D:4      | Killed an ogre
  3208 | D:4      | Reached XP level 6. HP: 40/47 MP: 6/6
  3476 | D:4      | Noticed Robin
  3486 | D:4      | Killed Robin
  3677 | D:$      | Got out of the dungeon alive.

Illustrated notes

Levels and vault maps discovered:
D:1:      lightli_arrival_chessboard, layout_basic, minmay_pentomino_s4
D:2:      layout_basic, old_standard_altar, minmay_between
D:3:      layout_loops_corners, elyvilon_altar_3, serial_park_tiny_2
D:4:      kennysheep_goblin_castle, layout_gridville,
          nemelex_xobeh_ov_fountains_minmay,
          minmay_temple_entry_enclosed_plants, serial_shops, shop,
          ebering_ghost_inner_flame, minmay_circle_x

Skill      XL: |  1  2  3  4  5  6 |
---------------+-------------------+-----
Long Blades    | 2 3 4 |  4.3
Shields        | 3 |  3.8
Armour         | 3 4 |  4.4
Fighting       | |  3.8
Dodging        | |  0.9
Stealth        | |  0.5

Action                   |  1- 3 |  4- 6 || total
-------------------------+-------+-------++-------
Melee: Long sword        |    86 |   116 ||   202
       Headbutt          |    10 |    22 ||    32
  Use: Potion            |     1 |     1 ||     2
       Scroll            |     3 |     2 ||     5
Armor: Scale mail        |    42 |    44 ||    86
       Chain mail        |       |    17 ||    17
Dodge: Dodged            |    34 |    29 ||    63
Block: Kite shield       |    52 |    68 ||   120
       Rpst.: Long sword |     9 |     9 ||    18

Table legend: (Time is in decaauts)
 A = Elapsed time spent in this place.
 B = Non-inter-level travel time spent in this place.
 C = Inter-level travel time spent in this place.
 D = Time resting spent in this place.
 E = Time spent auto-exploring this place.
 F = Levels seen in this place.
 G = Mean time per level.
                   A        B        C        D        E       F      G
               +--------+--------+--------+--------+--------+-----+--------+
         Total |   3749 |   3519 |    230 |     63 |   2618 |   4 |  937.2 |
       Dungeon |   3749 |   3519 |    230 |     63 |   2618 |   4 |  937.2 |
               +--------+--------+--------+--------+--------+-----+--------+

Top non-repeatable levels by time:
     D:1: 1474 daAuts
     D:3: 1053 daAuts
     D:2: 656 daAuts
     D:4: 565 daAuts
